 Dungeon Crawl Stone Soup version 0.29-a0-251-g80730f7218 (webtiles) character file.

Game seed: 6770987598729041529

44 n8rtot the Ducker (level 3, 0/17 HPs)
             Began as a Felid Monk on Mar 5, 2022.
             Succumbed to an adder's poison
             ... on level 2 of the Dungeon.
             The game lasted 00:06:21 (2053 turns).

n8rtot the Ducker (Felid Monk)                      Turns: 2053, Time: 00:06:22

Health: 0/17       AC:  1    Str:  9    XL:     3   Next: 39%
Magic:  4/4        EV: 19    Int: 11    God:
Gold:   42         SH:  0    Dex: 18    Spells: 2/2 levels left
                                        Lives:  0   Deaths: 0

rFire   . . .      SeeInvis +     - Unarmed
rCold   . . .      Faith    .   (shield unavailable)
rNeg    . . .      Spirit   .   (body armour unavailable)
rPois   .          Reflect  .   (helmet unavailable)
rElec   .          Harm     .   (cloak unavailable)
rCorr   .          Rampage  .   (gloves unavailable)
Will    .....                   (boots unavailable)
Stlth   +++.......              (no amulet)
HPRegen 0.05/turn               (no ring)
MPRegen 0.09/turn               (no ring)

@: lethally poisoned (0 -> -2), quick
A: very small, claws 1, fangs 3, see invisible, speed 1, shaggy fur 1, stealthy
paws, no weapons or thrown items, no armour, multi-lived
a: no special abilities


You were on level 2 of the Dungeon.
You visited 1 branch of the dungeon, and saw 2 of its levels.

You collected 42 gold pieces.

Inventory:

Missiles
 d - 2 poisoned darts
Scrolls
 a - a scroll of enchant armour {unknown}
 c - a scroll of amnesia {unknown}
 e - a scroll of identify {unknown}
 f - 2 scrolls of teleportation {unknown}
Potions
 b - a potion of attraction {unknown}
 g - a potion of cancellation {unknown}


   Skills:
 + Level 3.3 Fighting
 + Level 4.5 Dodging
 + Level 3.1 Stealth
 + Level 3.7 Unarmed Combat


You had 2 spell levels left.
You didn't know any spells.
Your spell library contained the following spells:

 Spells                   Type           Power      Damage    Failure   Level
 Animate Skeleton         Necr           0%         N/A       34%         1
 Pain                     Necr           0%         1d4       34%         1
 Vampiric Draining        Necr           0%         2d6       71%         3


Dungeon Overview and Level Annotations

Branches:
Dungeon (2/15)

Altars:

Shops:
D:1 (([(

Annotations:
D:2 Robin


Innate Abilities, Weirdness & Mutations

You have sharp claws.
You have razor-sharp teeth.
You have supernaturally acute eyesight. (SInv)
You cover ground quickly. (Speed+)
You are covered in fur. (AC +1)
Your paws help you pounce on unaware monsters.
You are incapable of wielding weapons or throwing items.
You cannot wear armour.
You gain extra lives every three experience levels.


Message History

The adder bites you.
You miss the adder.
The adder is lightly wounded.
The adder closely misses you.
You completely miss the adder.
The adder is lightly wounded.
The adder bites you.
You are poisoned.
The adder poisons you!
You closely miss the adder.
The adder is lightly wounded.
You feel sick. The adder misses you. The adder closely misses you.
You closely miss the adder. Your bite misses the adder.
The adder is lightly wounded.
You feel sick. The adder bites you.
You closely miss the adder.
The adder is lightly wounded.
You feel sick. The adder closely misses you.
You feel sick.
You feel sick.
You feel sick.
You are no longer poisoned.
You miss the adder.
The adder is lightly wounded.
The adder completely misses you. The adder barely misses you.
You miss the adder.
The adder is lightly wounded.
The adder bites you.
* * * LOW HITPOINT WARNING * * *
You are lethally poisoned!
The adder poisons you!
* * * LOW HITPOINT WARNING * * *
You feel sick.
You scratch the adder.
The adder is heavily wounded.
* * * LOW HITPOINT WARNING * * *
You feel sick. The adder closely misses you.
You scratch the adder.
You kill the adder!
You die...

...............
..####.##.##(#### #.#.##
#.##.# .# #.#..#
#.##.##.####.
#.##.###'#..........
#.#.................#
#.#.................#
#.#........l........#
##.##.#.........@.......#
........................
##.....###.#.#..........
........#....##.##.#####
###.....#....##........#
.....#.#....##.##.###.#
#.# #####.
.#....##.#......# #.# .
#. .#..#.####..#####.#.#
#. ##
..................#[# #.


You could see a frilled lizard.

Vanquished Creatures
  2 adders (D:2)
  3 dart slugs (D:1)
  A ball python (D:1)
  3 bats
  2 endoplasms (D:1)
  3 giant cockroaches (D:1)
  2 goblins (D:1)
  2 hobgoblins
  2 jackals (D:1)
  A kobold (D:1)
  A quokka (D:1)
  A frilled lizard (D:1)
  4 rats
27 creatures vanquished.

Notes
Turn   | Place    | Note
-------+----------+-------------------------------------------
     0 | D:1      | n8rtot the Felid Monk began the quest for the Orb.
     0 | D:1      | Reached XP level 1. HP: 10/10 MP: 2/2
    27 | D:1      | Found a faded altar of an unknown god.
   286 | D:1      | Reached XP level 2. HP: 8/14 MP: 3/3
   454 | D:1      | Found Luoshrox's Weapon Shop.
   659 | D:1      | Found Egogan's Armour Emporium.
   873 | D:1      | Found Hase's Weapon Boutique.
  1126 | D:1      | Reached XP level 3. HP: 16/17 MP: 4/4
  1414 | D:1      | Found Gybosou's Antique Weapon Boutique.
  1513 | D:2      | Noticed Robin
  2053 | D:2      | Succumbed to an adder's poison

Illustrated notes

Levels and vault maps discovered:
D:1:      onia_arrival_pentagram, layout_basic,
          ebering_ecumenical_altar_petrified, serial_shops,
          nicolae_diamond_shop, nicolae_shop_statue_plus,
          nicolae_shop_bloodbath_and_beyond, nicolae_shop_crystal
D:2:      layout_basic, uniq_robin, uniq_jessica

Skill      XL: |  1  2  3 |
---------------+----------+-----
Stealth        | 3 |  3.1
Fighting       | |  3.3
Dodging        | |  4.5
Unarmed Combat | |  3.7

Action                   || total
-------------------------++-------
Melee: Unarmed           ||    74
       Bite              ||     2
       Punch             ||     1
 Stab: Sleeping          ||     3
Armor: Skin              ||     5
Dodge: Dodged            ||    62

Table legend: (Time is in decaauts)
 A = Elapsed time spent in this place.
 B = Non-inter-level travel time spent in this place.
 C = Inter-level travel time spent in this place.
 D = Time resting spent in this place.
 E = Time spent auto-exploring this place.
 F = Levels seen in this place.
 G = Mean time per level.
                   A        B        C        D        E       F      G
               +--------+--------+--------+--------+--------+-----+--------+
         Total |   1827 |   1827 |      0 |    690 |    647 |   2 |  913.5 |
       Dungeon |   1827 |   1827 |      0 |    690 |    647 |   2 |  913.5 |
               +--------+--------+--------+--------+--------+-----+--------+

Top non-repeatable levels by time:
     D:1: 1406 daAuts
     D:2: 420 daAuts
